[Event "Titled Tuesday Blitz August 1 Early 2023"]
[White "Winkels, Marcel"]
[Black "Clawitter, Craig"]
[WhiteFideId "1003887"]
[BlackFideId "2023105"]
[WhiteElo "2097"]
[BlackElo "2245"]
[Result "1-0"]
[Round "7"]
[TimeControl "180+1"]
[Date "2023.08.01"]
[WhiteClock "0:00:03"]
[BlackClock "0:00:00"]
[Board "205"]

1. e4 e6 2. d4 d5 3. e5 c5 4. c3 Qb6 5. Bd3 Nc6 6. Nf3 cxd4 7. O-O Bd7 8. Re1 Nge7 9. h4 g6 10. Na3 dxc3 11. bxc3 Bg7 12. Nb5 O-O 13. Rb1 Qd8 14. Nd6 b6 15. Bg5 h6 16. Bf4 Nf5 17. Qd2 Nxh4 18. Be2 Nxf3+ 19. Bxf3 g5 20. Bg3 f6 21. exf6 Qxf6 22. Rbc1 Be8 23. Nxe8 Raxe8 24. c4 Nd4 25. Bd1 Nf5 26. Be5 Qg6 27. cxd5 exd5 28. Qxd5+ Kh7 29. Bc2 Re6 30. Bxg7 Kxg7 31. Rxe6 Qf7 32. Qe5+ Kh7 33. Bxf5+ Qxf5 34. Re7+ Kg8 35. Qxf5 Rxf5 36. Rc8+ Rf8 37. Rxf8+ Kxf8 38. Rxa7 b5 39. Rb7 1-0


[Site "https://www.chess.com"]

[Event "Titled Tuesday Blitz August 1 Early 2023"]
[White "Gopal, K.N."]
[Black "Samaganova, Aleksandra"]
[WhiteFideId "5001447"]
[BlackFideId "13800221"]
[WhiteElo "2036"]
[BlackElo "2243"]
[Result "1-0"]
[Round "7"]
[TimeControl "180+1"]
[Date "2023.08.01"]
[WhiteClock "0:00:15"]
[BlackClock "0:00:00"]
[Board "206"]

1. e4 c5 2. Nf3 e6 3. c3 Nf6 4. e5 Nd5 5. d4 cxd4 6. cxd4 d6 7. exd6 Bxd6 8. Nc3 Nc6 9. Be2 O-O 10. O-O Be7 11. a3 Bd7 12. h3 Rc8 13. Nxd5 exd5 14. Bf4 Na5 15. Ne5 Bf5 16. Bd3 Bg6 17. Bxg6 hxg6 18. Rc1 Bf6 19. Nf3 Nc4 20. Qb3 b6 21. Rfe1 g5 22. Be5 Re8 23. Qb5 Nxe5 24. dxe5 Rxc1 25. Rxc1 Bxe5 26. Rd1 Bf6 27. Rxd5 Qe7 28. Rd7 Qe4 29. Rxa7 Kh7 30. Rxf7 Kg6 31. Rc7 Qb1+ 32. Kh2 Qe4 33. Rc6 Qf4+ 34. Kh1 Re2 35. Qxe2 1-0


[Site "https://www.chess.com"]

[Event "Titled Tuesday Blitz August 1 Early 2023"]
[White "Slayyy_200"]
[Black "Tuleyeva-Aketayeva, Dana"]
[BlackFideId "13701932"]
[WhiteElo "2035"]
[BlackElo "2227"]
[Result "0-1"]
[Round "7"]
[TimeControl "180+1"]
[Date "2023.08.01"]
[WhiteClock "0:00:05"]
[BlackClock "0:01:15"]
[Board "207"]

1. e4 c5 2. d4 cxd4 3. c3 dxc3 4. Nxc3 Nc6 5. Nf3 g6 6. Bc4 Bg7 7. e5 Nh6 8. O-O O-O 9. Bf4 Nf5 10. g4 Nh6 11. h3 Kh8 12. Ne4 b6 13. Qd2 Ng8 14. Nfg5 Nh6 15. Nf3 Ng8 16. Nfg5 e6 17. Nd6 Qe7 18. Ngxf7+ Rxf7 19. Bg5 Qf8 20. Nxf7+ Qxf7 21. f4 Bb7 22. f5 Nxe5 23. fxe6 Nf3+ 24. Rxf3 Qxf3 25. exd7 Qh1+ 26. Kf2 Qg2+ 27. Ke3 Qf3# 0-1


[Site "https://www.chess.com"]

[Event "Titled Tuesday Blitz August 1 Early 2023"]
[White "Vidruska, Renate"]
[Black "Osiecki, Stanislaw"]
[WhiteFideId "11601841"]
[BlackFideId "1102990"]
[WhiteElo "2224"]
[BlackElo "2015"]
[Result "1-0"]
[Round "7"]
[TimeControl "180+1"]
[Date "2023.08.01"]
[WhiteClock "0:00:16"]
[BlackClock "0:00:00"]
[Board "208"]

1. e4 e6 2. d4 d5 3. Nc3 Bb4 4. exd5 exd5 5. Bd3 Nc6 6. Ne2 Bg4 7. f3 Bh5 8. O-O Nge7 9. a3 Bd6 10. Nb5 O-O 11. Nxd6 Qxd6 12. Nf4 Bg6 13. Nxg6 hxg6 14. c3 Rfe8 15. Bd2 Na5 16. Qa4 b6 17. Rae1 c5 18. dxc5 Qxc5+ 19. Be3 Qc7 20. Bg5 f6 21. Bh4 Kf7 22. Bg3 Qb7 23. Qg4 Nac6 24. h4 Qc8 25. Qa4 Nf5 26. Rxe8 Qxe8 27. Re1 Qd7 28. Bb5 Rc8 29. Bf2 Nd6 30. Ba6 Re8 31. Rd1 Nb7 32. Rxd5 Qc7 33. Bc4 Kf8 34. Bb5 Re6 35. Bxc6 Qxc6 36. Qxc6 Rxc6 37. Rd7 Na5 38. Rxa7 Nc4 39. b4 Nb2 40. Bd4 Nd1 41. Rb7 Nxc3 42. Bxb6 Nd5 43. Bc5+ Kg8 44. a4 Nc3 45. a5 Re6 46. Rb6 Re1+ 47. Kf2 Ra1 48. a6 Ra2+ 49. Ke3 1-0


[Site "https://www.chess.com"]

[Event "Titled Tuesday Blitz August 1 Early 2023"]
[White "Mishra, Manoj"]
[Black "Bocangel Chavez, Marjoire J."]
[WhiteFideId "5006007"]
[BlackFideId "3810500"]
[WhiteElo "2222"]
[BlackElo "1664"]
[Result "1-0"]
[Round "7"]
[TimeControl "180+1"]
[Date "2023.08.01"]
[WhiteClock "0:00:16"]
[BlackClock "0:00:00"]
[Board "209"]

1. e4 e6 2. b3 Nf6 3. e5 Nd5 4. Bb2 c5 5. g3 b6 6. Bg2 Nc6 7. Ne2 Bb7 8. O-O Be7 9. c4 Ndb4 10. d4 cxd4 11. Nxd4 Qc8 12. Nb5 O-O 13. a3 Na6 14. Nd6 Bxd6 15. exd6 Na5 16. b4 Bxg2 17. Kxg2 Nxc4 18. Bc3 Qc6+ 19. Kg1 Nxd6 20. a4 b5 21. Be5 Nc4 22. Bf4 e5 23. Bc1 Nxb4 24. axb5 Qxb5 25. Nc3 Qc6 26. Qg4 d5 27. h4 Qg6 28. Qd7 Rfd8 29. Rxa7 Rf8 30. Nxd5 Nxd5 31. Rxa8 Rxa8 32. Qxd5 Rc8 33. Bg5 Qc6 34. Qd3 h6 35. Bc1 e4 36. Qe2 Ne5 37. Bb2 Nf3+ 38. Kg2 Qc4 39. Qe3 Qe6 40. Ra1 Qg4 41. Ra7 Nxh4+ 42. Kf1 1-0


[Site "https://www.chess.com"]

[Event "Titled Tuesday Blitz August 1 Early 2023"]
[White "Howell, David W L"]
[Black "Vargas, Mauricio"]
[WhiteFideId "410608"]
[BlackFideId "4404572"]
[WhiteElo "3025"]
[BlackElo "1888"]
[Result "1-0"]
[Round "7"]
[TimeControl "180+1"]
[Date "2023.08.01"]
[WhiteClock "0:00:47"]
[BlackClock "0:00:00"]
[Board "210"]

1. b4 e5 2. Bb2 d6 3. c4 f5 4. Nc3 Nf6 5. g3 g5 6. Bg2 Bg7 7. a4 O-O 8. d3 c6 9. b5 Bd7 10. Nf3 g4 11. Nh4 Qe8 12. Qb3 Kh8 13. h3 f4 14. gxf4 exf4 15. hxg4 Bxg4 16. Ne4 d5 17. cxd5 cxd5 18. Nc3 Nbd7 19. Bf3 Ne5 20. Kf1 Nxf3 21. Nxf3 Qe5 22. Nxe5 Rae8 23. Ng6+ Kg8 24. Nxf8 Kxf8 25. f3 Bf5 26. Nxd5 Be6 27. Qb4+ Kf7 28. Nxf6 Bxf6 29. Qxf4 1-0


[Site "https://www.chess.com"]

[Event "Titled Tuesday Blitz August 1 Early 2023"]
[White "zano2023"]
[Black "Filgueira, Hernan"]
[BlackFideId "101770"]
[WhiteElo "2130"]
[BlackElo "2574"]
[Result "0-1"]
[Round "7"]
[TimeControl "180+1"]
[Date "2023.08.01"]
[WhiteClock "0:00:40"]
[BlackClock "0:00:33"]
[Board "211"]

1. d4 Nf6 2. Nd2 g6 3. e4 d6 4. Ngf3 Bg7 5. Bd3 O-O 6. O-O Nc6 7. c3 Re8 8. Re1 e5 9. Nf1 Bg4 10. d5 Ne7 11. Ng3 h6 12. h3 Bd7 13. Be3 a5 14. Qd2 Kh7 15. Nh2 c5 16. c4 a4 17. f4 Neg8 18. Nf3 Qb6 19. fxe5 dxe5 20. Qf2 Rac8 21. Rab1 Qa5 22. Bd2 Qa7 23. Bc3 Qb8 24. b4 axb3 25. axb3 b6 26. b4 Bf8 27. b5 Qd6 28. Qb2 Bg7 29. Bxe5 Qe7 30. Bc3 Red8 31. e5 Ne8 32. Rbd1 Kh8 33. Qc2 Ra8 34. Be4 Ra3 35. Qb2 Ra4 36. Bd3 Bc8 37. e6 f5 38. Bxg7+ Qxg7 39. Ne5 Kh7 40. h4 Nd6 41. h5 Rb4 42. Qc3 Ne7 43. hxg6+ Nxg6 44. Nh5 Qh8 45. Nxg6 Qxc3 46. e7 Re8 47. Re5 Kxg6 48. Ng3 Qxe5 0-1


[Site "https://www.chess.com"]

[Event "Titled Tuesday Blitz August 1 Early 2023"]
[White "Cardenas Carbajal, Nilson"]
[Black "Alimpic, Aleksa"]
[WhiteFideId "8401128"]
[BlackFideId "974323"]
[WhiteElo "2126"]
[BlackElo "2292"]
[Result "0-1"]
[Round "7"]
[TimeControl "180+1"]
[Date "2023.08.01"]
[WhiteClock "0:00:02"]
[BlackClock "0:00:29"]
[Board "212"]

1. e4 g6 2. d4 Bg7 3. Be3 a6 4. Nc3 b5 5. Qd2 Bb7 6. h4 h5 7. Nh3 d6 8. Ng5 Nd7 9. O-O-O Rc8 10. f4 c5 11. e5 cxd4 12. Bxd4 dxe5 13. fxe5 e6 14. Qf4 Nh6 15. Bd3 O-O 16. Be4 Bxe4 17. Ncxe4 Qc7 18. Rd2 Nxe5 19. Nf6+ Bxf6 20. Qxf6 Nhg4 21. Qf4 Nc4 22. Qxc7 Rxc7 23. Re2 e5 24. Bc3 Re8 25. Rf1 f6 26. Ne4 f5 27. Ng5 e4 28. b3 Nce3 29. Bb2 Nxf1 0-1


[Site "https://www.chess.com"]

[Event "Titled Tuesday Blitz August 1 Early 2023"]
[White "Kriti Mayur Patel"]
[Black "Amorim, Daniel Madson De Medeiro"]
[WhiteFideId "35061780"]
[BlackFideId "2124912"]
[WhiteElo "2026"]
[BlackElo "2289"]
[Result "0-1"]
[Round "7"]
[TimeControl "180+1"]
[Date "2023.08.01"]
[WhiteClock "0:02:06"]
[BlackClock "0:01:43"]
[Board "213"]

1. e4 e6 2. d4 d5 3. Nc3 Nf6 4. e5 Ne4 5. f4 Qh4+ 6. g3 Nxg3 7. Nf3 Qh5 8. Bg2 Nxh1 9. Bxh1 a6 10. Ne2 f6 11. Ng3 Qf7 12. b3 c5 13. c4 dxc4 14. bxc4 Be7 15. d5 O-O 16. d6 Bd8 17. Be3 Bb6 18. Qb3 Ba7 19. Nd2 fxe5 20. fxe5 Nd7 21. Bxb7 Rb8 22. Nde4 Bxb7 23. Ng5 Qg6 24. Qa4 Nxe5 0-1


[Site "https://www.chess.com"]

[Event "Titled Tuesday Blitz August 1 Early 2023"]
[White "Arcos Facio, Mateo"]
[Black "Wisniowski, Natalie"]
[WhiteFideId "3001199"]
[BlackFideId "30929261"]
[WhiteElo "2196"]
[BlackElo "2009"]
[Result "1-0"]
[Round "7"]
[TimeControl "180+1"]
[Date "2023.08.01"]
[WhiteClock "0:00:19"]
[BlackClock "0:00:00"]
[Board "214"]

1. e4 e6 2. Nf3 d5 3. e5 c5 4. b4 cxb4 5. a3 Nc6 6. axb4 Bxb4 7. c3 Bc5 8. d4 Bb6 9. Bd3 Nge7 10. O-O O-O 11. Bxh7+ Kxh7 12. Ng5+ Kg8 13. Qh5 Re8 14. Qxf7+ Kh8 15. c4 Nf5 16. Qh5+ Kg8 17. Qh7+ Kf8 18. Ba3+ 1-0


[Site "https://www.chess.com"]

[Event "Titled Tuesday Blitz August 1 Early 2023"]
[White "Makarian, Rudik"]
[Black "Carlsen, Magnus"]
[WhiteFideId "44105681"]
[BlackFideId "1503014"]
[WhiteElo "3024"]
[BlackElo "3249"]
[Result "0-1"]
[Round "8"]
[TimeControl "180+1"]
[Date "2023.08.01"]
[WhiteClock "0:00:00"]
[BlackClock "0:00:02"]
[Board "1"]

1. d4 d5 2. c4 e6 3. Nf3 Nf6 4. g3 Be7 5. Bg2 O-O 6. Nc3 c6 7. O-O b6 8. Nd2 Ba6 9. b3 b5 10. c5 b4 11. Na4 Nbd7 12. Bb2 Bb5 13. Re1 Qc7 14. e4 dxe4 15. Nxe4 Nxe4 16. Bxe4 Nf6 17. Bf3 Rfd8 18. Qc2 Rd7 19. a3 Bxa4 20. bxa4 bxa3 21. Rxa3 Nd5 22. Rb3 Bf6 23. Qc4 Rad8 24. Qa6 Ne7 25. Bc3 Qc8 26. Qxc8 Rxc8 27. Reb1 g5 28. Rb7 Rcd8 29. Ba5 Rxb7 30. Rxb7 Ra8 31. Bc7 Nd5 32. Bd6 Bxd4 33. Bh5 Nf6 34. Bxf7+ Kh8 35. Bxe6 Ne4 36. Kg2 Nxc5 37. Bxc5 Bxc5 38. Bf5 Rf8 39. g4 h5 40. Rh7+ Kg8 41. Rxh5 Be7 42. Rh6 Rf6 43. Rh7 Rf7 44. Rh6 Rf6 45. Rh3 Rd6 46. Rc3 Kf8 47. Kf3 Rd4 48. Rxc6 Rxa4 49. Rc7 a5 50. Ra7 Rf4+ 51. Kg2 a4 52. f3 a3 53. Be4 Rf6 54. Bd5 Rd6 55. Bc4 Rd2+ 56. Kf1 Rxh2 57. Ke1 Rc2 58. Bd5 Bb4+ 59. Kf1 Rd2 60. Be6 Bc5 61. Ra5 Rc2 62. Bb3 Rc3 63. Bd5 Ke7 64. Ra6 Rd3 65. Be4 Rd2 66. Ke1 Bb4 67. Ra4 Rb2+ 68. Kd1 a2 69. Kc1 Bc3 70. Ra3 Rg2 71. Ra7+ Kd6 72. Bb1 a1=Q 73. Ra6+ Qxa6 74. f4 Qa5 0-1


[Site "https://www.chess.com"]

[Event "Titled Tuesday Blitz August 1 Early 2023"]
[White "Andreikin, Dmitry"]
[Black "Baskakov, Egor"]
[WhiteFideId "4158814"]
[BlackFideId "24197866"]
[WhiteElo "3060"]
[BlackElo "2939"]
[Result "1/2-1/2"]
[Round "8"]
[TimeControl "180+1"]
[Date "2023.08.01"]
[WhiteClock "0:00:17"]
[BlackClock "0:00:56"]
[Board "2"]

1. d4 Nf6 2. c4 e6 3. Nf3 d5 4. Bg5 Be7 5. e3 Ne4 6. Bxe7 Qxe7 7. Nbd2 f5 8. Bd3 O-O 9. O-O c6 10. Ne5 Nd7 11. Ndf3 Nxe5 12. Nxe5 Nf6 13. f4 Nd7 14. Nf3 Nf6 15. Rc1 Bd7 16. Ne5 Be8 17. Qb3 Rb8 18. cxd5 Nxd5 19. Bc4 Bh5 20. Bxd5 exd5 21. Rc3 a5 22. Qa3 Qc7 23. Qc5 Rbd8 24. Rb3 Rfe8 25. Qb6 Re7 26. Rc1 h6 27. Rc5 a4 28. Qxc7 Rxc7 29. Ra3 Ra8 30. b3 b6 31. Rxc6 Rxc6 32. Nxc6 Be8 33. Ne7+ Kf7 34. Nxd5 Rc8 35. Nxb6 Rc1+ 36. Kf2 Rc2+ 37. Kg3 Bb5 38. Nc4 Ke6 39. e4 Rc3+ 40. Kf2 Bxc4 41. Rxa4 Bd3 42. d5+ Kd6 43. exf5 Bxf5 44. Ra5 Be4 45. Ra7 g5 46. fxg5 hxg5 47. Rg7 Rc2+ 48. Ke3 Bxg2 49. Rg6+ Kxd5 50. Rxg5+ Ke6 51. a4 Bd5 52. h4 Bxb3 53. a5 Kf6 54. Rb5 1/2-1/2


[Site "https://www.chess.com"]

[Event "Titled Tuesday Blitz August 1 Early 2023"]
[White "Bok, Benjamin"]
[Black "Bortnyk, Olexandr"]
[WhiteFideId "1017063"]
[BlackFideId "14120828"]
[WhiteElo "2968"]
[BlackElo "3075"]
[Result "0-1"]
[Round "8"]
[TimeControl "180+1"]
[Date "2023.08.01"]
[WhiteClock "0:00:03"]
[BlackClock "0:00:04"]
[Board "3"]

1. d4 d6 2. Nf3 Nf6 3. c4 g6 4. g3 Bg7 5. Bg2 O-O 6. Nc3 Bf5 7. Nh4 Bc8 8. Nf3 Nbd7 9. O-O c6 10. e4 e5 11. Be3 Ng4 12. Bg5 f6 13. Bc1 Qe7 14. h3 Nh6 15. Qc2 Nf7 16. Be3 b6 17. Rad1 Bb7 18. Rfe1 Rac8 19. b3 Rfe8 20. Kh2 Nf8 21. Qd2 Red8 22. Qe2 c5 23. dxe5 dxe5 24. Nd5 Qe8 25. h4 Rc6 26. Bh3 Bc8 27. Bxc8 Rcxc8 28. h5 Nd6 29. hxg6 hxg6 30. Bc1 Ne6 31. Kg2 Kf7 32. Rh1 Qc6 33. Rh7 Rh8 34. Rdh1 Rxh7 35. Rxh7 Rh8 36. Rxh8 Bxh8 37. Qe1 Bg7 38. Bb2 Qa8 39. Nd2 Qc8 40. Qh1 b5 41. cxb5 Nxb5 42. Nc4 Qd7 43. Qh7 Ng5 44. Qh4 Nd6 45. Nxd6+ Qxd6 46. Bc1 Ne6 47. Be3 Qc6 48. Kg1 c4 49. Qg4 cxb3 50. axb3 Qb7 51. Qd1 a6 52. Qc2 Qd7 53. Qc4 Qb7 54. b4 Bf8 55. Kg2 Bd6 56. Bd2 f5 57. f3 Kg7 58. Bc3 Qd7 59. Ne3 f4 60. Ng4 fxg3 61. Nxe5 Bxe5 62. Bxe5+ Kf7 63. Kxg3 Qb7 64. Qd5 Qxb4 65. Qd7+ Qe7 66. Qxe7+ Kxe7 67. Bc3 Kd6 68. f4 Nc5 69. Bb4 Kc6 70. Bxc5 Kxc5 71. f5 gxf5 72. exf5 a5 73. f6 Kd6 74. Kf4 a4 75. Ke3 a3 76. Kd3 a2 0-1


[Site "https://www.chess.com"]

[Event "Titled Tuesday Blitz August 1 Early 2023"]
[White "Aronian, Levon"]
[Black "Movahed, Sina"]
[WhiteFideId "13300474"]
[BlackFideId "42520835"]
[WhiteElo "3069"]
[BlackElo "2954"]
[Result "1-0"]
[Round "8"]
[TimeControl "180+1"]
[Date "2023.08.01"]
[WhiteClock "0:00:18"]
[BlackClock "0:00:00"]
[Board "4"]

1. e4 c5 2. Nf3 d6 3. c3 Nf6 4. Be2 g6 5. O-O Bg7 6. d3 O-O 7. Be3 Nc6 8. Nbd2 Ng4 9. Bg5 Rb8 10. d4 b5 11. h3 Nf6 12. d5 Na5 13. Qc2 h6 14. Bf4 Nd7 15. Rfe1 b4 16. Bf1 bxc3 17. bxc3 Rb6 18. Rad1 Ba6 19. Bxa6 Rxa6 20. c4 Qb8 21. Rb1 Qc7 22. Qa4 e5 23. dxe6 fxe6 24. Bg3 Qc8 25. e5 Nc6 26. Qc2 Ndxe5 27. Bxe5 Nxe5 28. Nxe5 dxe5 29. Qxg6 Rxa2 30. Nf3 Qe8 31. Qg3 Qf7 32. Re4 a5 33. Rg4 a4 34. Qxe5 a3 35. Qxc5 Rb2 36. Ra1 a2 37. Kh2 Kh8 38. Qa5 Rxf2 39. Rxa2 Qxf3 40. Qc7 Qf7 41. Qxf7 R8xf7 42. Rxf2 Rxf2 43. Re4 e5 44. h4 Rc2 45. Kh3 1-0


[Site "https://www.chess.com"]

[Event "Titled Tuesday Blitz August 1 Early 2023"]
[White "Demidov, Mikhail"]
[Black "Pranesh M"]
[WhiteFideId "4197143"]
[BlackFideId "35028600"]
[WhiteElo "2930"]
[BlackElo "3068"]
[Result "1/2-1/2"]
[Round "8"]
[TimeControl "180+1"]
[Date "2023.08.01"]
[WhiteClock "0:00:23"]
[BlackClock "0:01:14"]
[Board "5"]

1. Nf3 Nf6 2. g3 d5 3. Bg2 Bg4 4. Ne5 Bf5 5. O-O e6 6. d4 Nbd7 7. c4 c6 8. Nc3 Be7 9. Qb3 Qb6 10. Nxd7 Nxd7 11. e4 dxe4 12. Nxe4 O-O 13. Be3 Qxb3 14. axb3 a6 15. h3 h6 16. Rfd1 Rfd8 17. Bf4 Nf6 18. f3 Nh5 19. Be5 f6 20. Bc7 Rd7 21. Bb6 Bxe4 22. fxe4 Nxg3 23. Bf3 f5 24. exf5 Nxf5 25. d5 exd5 26. cxd5 cxd5 27. Rxd5 Rxd5 28. Bxd5+ Kh8 29. Rf1 Nd6 30. Bc5 Rd8 31. Bxd6 Rxd6 32. Bxb7 Rb6 33. Bd5 Bf6 34. Bc4 Bxb2 35. Rf8+ Kh7 36. Ra8 Bd4+ 37. Kg2 g6 38. Ra7+ Kh8 39. Rxa6 Rxa6 40. Bxa6 Kg7 1/2-1/2


[Site "https://www.chess.com"]

[Event "Titled Tuesday Blitz August 1 Early 2023"]
[White "Xu, Xiangyu"]
[Black "Zemlyanskii, Ivan"]
[WhiteFideId "8608288"]
[BlackFideId "24249971"]
[WhiteElo "3005"]
[BlackElo "2942"]
[Result "1-0"]
[Round "8"]
[TimeControl "180+1"]
[Date "2023.08.01"]
[WhiteClock "0:01:40"]
[BlackClock "0:00:18"]
[Board "6"]

1. d4 d5 2. Nf3 Nf6 3. c4 e6 4. Nc3 c6 5. e3 Nbd7 6. Qc2 Bd6 7. Rg1 e5 8. g4 h6 9. Be2 e4 10. Nd2 a6 11. h4 g5 12. Rh1 gxh4 13. Rxh4 Nf8 14. g5 Ng6 15. Rxh6 Rxh6 16. gxh6 Be6 17. cxd5 cxd5 18. Nb3 Nh4 19. Bd2 Ng2+ 20. Kd1 Ng4 21. Nc5 Qh4 22. Qa4+ Ke7 23. Nxd5+ Kf8 24. Nxe6+ fxe6 25. Qd7 Nxf2+ 26. Kc2 exd5 27. Qg7+ Ke8 28. h7 Rc8+ 29. Kb3 1-0


[Site "https://www.chess.com"]

[Event "Titled Tuesday Blitz August 1 Early 2023"]
[White "Khubukshanov, Erdem"]
[Black "Hovhannisyan, Robert"]
[WhiteFideId "54114527"]
[BlackFideId "13302507"]
[WhiteElo "2873"]
[BlackElo "2976"]
[Result "1-0"]
[Round "8"]
[TimeControl "180+1"]
[Date "2023.08.01"]
[WhiteClock "0:00:27"]
[BlackClock "0:00:00"]
[Board "8"]

1. Nf3 d5 2. g3 Bg4 3. Bg2 e6 4. h3 Bh5 5. d4 Nf6 6. O-O c6 7. b3 Nbd7 8. c4 Bd6 9. Nc3 O-O 10. Bb2 Qe7 11. Qd2 Rfe8 12. Rfe1 Bg6 13. Nh4 Be4 14. Nxe4 Nxe4 15. Bxe4 dxe4 16. Ng2 f5 17. Rac1 Rad8 18. Red1 Nf6 19. Qa5 Bb4 20. Qa4 Ra8 21. c5 Nd5 22. a3 a5 23. Nf4 Nxf4 24. gxf4 Qh4 25. axb4 Qxh3 26. Rc3 Qg4+ 27. Rg3 Qxe2 28. Qa1 axb4 29. Qc1 Ra2 30. Rd2 Qh5 31. d5 exd5 32. Bxg7 Kf7 33. Rxa2 e3 34. fxe3 Qh4 35. Rag2 Ra8 36. Qc2 d4 37. Qxf5+ Ke8 38. Qe6+ Kd8 39. Bf6+ 1-0


[Site "https://www.chess.com"]

[Event "Titled Tuesday Blitz August 1 Early 2023"]
[White "Megaranto, Susanto"]
[Black "Rasulov, Vugar"]
[WhiteFideId "7101384"]
[BlackFideId "13402390"]
[WhiteElo "2976"]
[BlackElo "2861"]
[Result "1-0"]
[Round "8"]
[TimeControl "180+1"]
[Date "2023.08.01"]
[WhiteClock "0:00:04"]
[BlackClock "0:00:01"]
[Board "9"]

1. e4 c6 2. c4 d5 3. exd5 cxd5 4. cxd5 Nf6 5. Nc3 Nxd5 6. Nf3 e6 7. d4 Be7 8. Bd3 O-O 9. O-O Nc6 10. Qe2 Nf6 11. Rd1 b6 12. a3 Bb7 13. Bg5 Rc8 14. Rac1 Re8 15. Bb1 Na5 16. Ba2 h6 17. Bh4 Nh5 18. Bg3 Nxg3 19. hxg3 Bf6 20. Ne5 Bxe5 21. dxe5 Qg5 22. Kh2 h5 23. f4 Qh6 24. Qf2 h4 25. gxh4 Red8 26. Rxd8+ Rxd8 27. Rd1 Rxd1 28. Nxd1 Nc6 29. Bb1 Ne7 30. Ne3 Ng6 31. Bxg6 Qxg6 32. Nc4 Bd5 33. Nd6 Qg4 34. f5 Bxg2 35. Qg3 Qe2 36. Qxg2 Qxe5+ 37. Qg3 Qe2+ 38. Kh3 Qf1+ 39. Kg4 Qd1+ 40. Kh3 Qh1+ 41. Kg4 Qd1+ 42. Kh3 Qf1+ 43. Kh2 Qe2+ 44. Kg1 Qd1+ 45. Kg2 Qe2+ 46. Qf2 Qd3 47. fxe6 Qxd6 48. Qxf7+ Kh7 49. e7 Qd2+ 50. Kf3 Qd1+ 51. Ke4 Qe2+ 52. Kd5 Qb5+ 53. Kd6 Qc5+ 54. Kd7 Qb5+ 55. Kd8 Qd3+ 56. Ke8 Qd6 57. Kf8 Qc5 58. h5 Kh8 59. Qxg7# 1-0


[Site "https://www.chess.com"]

[Event "Titled Tuesday Blitz August 1 Early 2023"]
[White "Shimanov, Aleksandr"]
[Black "Kovalenko, Igor"]
[WhiteFideId "4198603"]
[BlackFideId "14117908"]
[WhiteElo "2955"]
[BlackElo "2867"]
[Result "1-0"]
[Round "8"]
[TimeControl "180+1"]
[Date "2023.08.01"]
[WhiteClock "0:00:45"]
[BlackClock "0:00:56"]
[Board "10"]

1. c4 e5 2. g3 Nf6 3. Bg2 c6 4. Nf3 e4 5. Nd4 d5 6. cxd5 Qxd5 7. e3 Na6 8. d3 Qe5 9. dxe4 Nxe4 10. O-O Nf6 11. Nxc6 Qc7 12. Nd4 Be7 13. Nc3 O-O 14. Bd2 Nc5 15. Qc2 Qe5 16. Rac1 Qh5 17. b4 Ne6 18. Nce2 Ng5 19. Nf4 Qh6 20. h4 Ng4 21. Nf5 Qf6 22. Nxe7+ Qxe7 23. hxg5 Qxg5 24. Qc5 Bf5 25. e4 Qh6 26. Nh3 Qxd2 27. Qxf5 Nh6 28. Qd5 Qxb4 29. Rb1 Qa4 30. Rxb7 Rad8 31. Qb3 Qa5 32. Nf4 Rd2 33. a4 a6 34. Qb4 Qd8 35. Nd5 Ra2 36. Rb1 Ng4 37. Rb8 1-0


[Site "https://www.chess.com"]

[Event "Titled Tuesday Blitz August 1 Early 2023"]
[White "Bauman_Guy"]
[Black "Sarana, Alexey"]
[BlackFideId "24133795"]
[WhiteElo "2793"]
[BlackElo "3092"]
[Result "0-1"]
[Round "8"]
[TimeControl "180+1"]
[Date "2023.08.01"]
[WhiteClock "0:00:01"]
[BlackClock "0:00:04"]
[Board "11"]

1. e4 c5 2. Nf3 d6 3. d4 cxd4 4. Nxd4 Nf6 5. Nc3 a6 6. h3 e5 7. Nde2 h5 8. Bg5 Be7 9. Ng3 h4 10. Nf5 Bxf5 11. exf5 Nbd7 12. Bc4 Rc8 13. Bb3 Rh5 14. Bxf6 Nxf6 15. Nd5 Rxf5 16. O-O Nxd5 17. Qxd5 Qb6 18. Rad1 g6 19. c3 Kf8 20. Rd2 Qb5 21. Qxb5 axb5 22. Rd5 Rc5 23. Rfd1 Rf4 24. a3 b6 25. Bc2 Ke8 26. Kf1 Kd7 27. Ke2 Kc6 28. Bb3 Re4+ 29. Kf3 Rf4+ 30. Ke2 Kc7 31. R5d3 f5 32. Bd5 Ra4 33. b4 Rxd5 34. Rxd5 Rxa3 35. Rxb5 Rxc3 36. Rbd5 Rb3 37. Ra1 Rxb4 38. Ra7+ Kc6 39. Rd3 Bg5 40. Rg7 Rb2+ 41. Ke1 e4 42. Rd1 Bf4 43. Rxg6 b5 44. Rf6 b4 45. Rxf5 Be5 46. Rh5 b3 47. Rxh4 d5 48. Rh5 Kd6 49. f4 exf3 50. gxf3 Rh2 51. Kf1 b2 52. Kg1 Rc2 53. Rh6+ Kc5 54. f4 Rc1 55. fxe5 Rxd1+ 56. Kf2 b1=Q 0-1


[Site "https://www.chess.com"]

[Event "Titled Tuesday Blitz August 1 Early 2023"]
[White "Firouzja, Alireza"]
[Black "Remizov, Yaroslav"]
[WhiteFideId "12573981"]
[BlackFideId "34134015"]
[WhiteElo "3072"]
[BlackElo "2792"]
[Result "1-0"]
[Round "8"]
[TimeControl "180+1"]
[Date "2023.08.01"]
[WhiteClock "0:00:55"]
[BlackClock "0:00:00"]
[Board "12"]

1. e4 c5 2. Nf3 d6 3. d4 cxd4 4. Nxd4 Nf6 5. Nc3 Nc6 6. Bg5 e6 7. Qd2 a6 8. O-O-O Bd7 9. Kb1 Be7 10. h4 b5 11. Nxc6 Bxc6 12. f3 Qc7 13. Ne2 Rc8 14. Nd4 Bb7 15. g4 h6 16. Be3 Nd7 17. Be2 Ne5 18. g5 h5 19. Rhg1 g6 20. c3 Nc4 21. Bxc4 Qxc4 22. Nb3 Qc7 23. Qf2 O-O 24. Bb6 Qb8 25. Rge1 d5 26. exd5 Bxd5 27. Rxd5 exd5 28. Rxe7 Rfe8 29. Rxe8+ Rxe8 30. a3 Qf4 31. Bd4 Qf5+ 32. Ka2 Qd3 33. Qg3 Qf5 34. Qd6 Qxf3 35. Nc5 Qf1 36. Qxd5 Kh7 37. Nd7 Re1 38. Nf6+ Kg7 39. Nxh5+ Kh7 40. Nf6+ Kg7 41. Ng4+ Kh7 42. Ne3 Ra1+ 43. Kb3 Qf4 44. Qd8 1-0


[Site "https://www.chess.com"]

[Event "Titled Tuesday Blitz August 1 Early 2023"]
[White "Basso, Pier Luigi"]
[Black "Nguyen, Ngoc Truong Son"]
[WhiteFideId "866970"]
[BlackFideId "12401110"]
[WhiteElo "2790"]
[BlackElo "2905"]
[Result "0-1"]
[Round "8"]
[TimeControl "180+1"]
[Date "2023.08.01"]
[WhiteClock "0:01:10"]
[BlackClock "0:01:00"]
[Board "13"]

1. e4 g6 2. d4 Bg7 3. c4 d6 4. Nc3 Nf6 5. f4 e5 6. fxe5 dxe5 7. d5 c6 8. Nf3 O-O 9. Be2 b5 10. Bg5 bxc4 11. Bxc4 Qb6 12. Qe2 cxd5 13. Nxd5 Nxd5 14. Bxd5 Nc6 15. Be3 Nd4 16. Bxd4 exd4 17. Bxa8 Ba6 18. Qd2 Rxa8 19. O-O-O Rb8 20. Kb1 Bd3+ 21. Ka1 Bh6 22. Qf2 Be3 23. Rxd3 Bxf2 24. Rb3 Qc7 25. Rxb8+ Qxb8 26. Rd1 Qf4 27. e5 Qg4 28. a3 Qxg2 29. Nxd4 Qg4 0-1


[Site "https://www.chess.com"]

[Event "Titled Tuesday Blitz August 1 Early 2023"]
[White "Galchenko, Matvey"]
[Black "Rahman, Masruri"]
[WhiteFideId "24175480"]
[BlackFideId "7101163"]
[WhiteElo "2893"]
[BlackElo "2786"]
[Result "0-1"]
[Round "8"]
[TimeControl "180+1"]
[Date "2023.08.01"]
[WhiteClock "0:00:03"]
[BlackClock "0:00:07"]
[Board "14"]

1. f4 Nf6 2. Nf3 e6 3. g3 b6 4. Bg2 Bb7 5. O-O Be7 6. d3 d5 7. Nc3 O-O 8. e4 dxe4 9. Ng5 Nbd7 10. dxe4 e5 11. f5 Nc5 12. Qe1 h6 13. Nh3 Qd4+ 14. Nf2 Ba6 15. Be3 Qd8 16. g4 Bxf1 17. Qxf1 c6 18. Bf3 Nh7 19. a3 Bg5 20. Bxc5 bxc5 21. Qc4 Be3 22. Kg2 Bxf2 23. Kxf2 Qh4+ 24. Kg2 Ng5 25. Be2 Nh3 26. Rf1 Rad8 27. Qxc5 Nf4+ 28. Kh1 Nxe2 29. Nxe2 Rd2 30. Qe3 Rfd8 31. f6 g6 32. Kg1 Rxc2 33. Rf2 Rdd2 34. b4 Qxg4+ 35. Rg2 Qxg2+ 0-1


[Site "https://www.chess.com"]